 Dungeon Crawl Stone Soup version 0.28.0 (webtiles) character file.

Game seed: 528107499122899599

84 mopl the Ducker (level 4, -4/41 HPs)
             Began as a Gnoll Monk on Feb 16, 2022.
             Was a Priest of Zin.
             Slain by Grinder (7 damage)
             ... on level 3 of the Dungeon.
             The game lasted 00:03:07 (1781 turns).

mopl the Ducker (Gnoll Monk)                        Turns: 1781, Time: 00:03:07

Health: -4/41      AC:  2    Str: 13    XL:     4   Next: 46%
Magic:  5/5        EV: 15    Int: 11    God:    Zin [***...]
Gold:   93         SH:  0    Dex: 15    Spells: 5/5 levels left

rFire   . . .      SeeInvis +   a - +0 mace
rCold   . . .      Faith    .   (no shield)
rNeg    . . .      Spirit   .   b - +0 robe
rPois   ∞          Reflect  .   (no helmet)
rElec   .          Harm     .   (no cloak)
rCorr   .          Rampage  .   (no gloves)
Will    .....                   (no boots)
Stlth   +++.......              (no amulet)
HPRegen 0.13/turn               d - ring of see invisible
MPRegen 0.09/turn               (no ring)

@: vitalised, attractive
A: fangs 1, strong nose, distributed training
a: Renounce Religion, Recite, Vitalisation, Imprison, Donate Gold


You were on level 3 of the Dungeon.
You worshipped Zin.
Zin was most pleased with you.
You visited 1 branch of the dungeon, and saw 3 of its levels.

You collected 103 gold pieces.
You donated 10 gold pieces to Zin.

Inventory:

Hand Weapons
 a - a +0 mace (weapon)
Missiles
 c - 94 arrows
 f - 63 stones (quivered)
 h - 4 poisoned darts
 j - 9 datura-tipped darts
 o - 10 sling bullets
Armour
 b - a +0 robe (worn)
Jewellery
 d - a ring of see invisible (left hand)
 e - a ring of ice
Scrolls
 g - a scroll of enchant weapon {unknown}
 k - a scroll of identify {unknown}
 n - a scroll of enchant armour {unknown}
 p - a scroll of magic mapping {unknown}
Potions
 l - a potion of lignification {unknown}
 m - a potion of curing {unknown}
 q - a potion of berserk rage {unknown}


   Skills:
 + Level 6.6 Fighting
 + Level 1.1 Short Blades
 + Level 1.1 Long Blades
 + Level 1.1 Axes
 + Level 6.6 Maces & Flails
 + Level 1.1 Polearms
 + Level 1.1 Staves
 + Level 1.1 Slings
 + Level 1.1 Bows
 + Level 1.1 Crossbows
 + Level 1.1 Throwing
 + Level 1.1 Armour
 + Level 6.6 Dodging
 + Level 4.2 Stealth
 + Level 1.1 Shields
 + Level 1.1 Unarmed Combat
 + Level 1.1 Spellcasting
 + Level 0.9 Conjurations
 + Level 0.9 Hexes
 + Level 0.9 Summonings
 + Level 0.9 Necromancy
 + Level 0.9 Translocations
 + Level 0.9 Transmutations
 + Level 0.9 Fire Magic
 + Level 0.9 Ice Magic
 + Level 0.9 Air Magic
 + Level 0.9 Earth Magic
 + Level 0.9 Poison Magic
 + Level 1.2 Invocations
 + Level 1.1 Evocations


You had 5 spell levels left.
You didn't know any spells.
Your spell library was empty.

Dungeon Overview and Level Annotations

Branches:
Dungeon (3/15)

Altars:
Zin

Annotations:
D:3 Grinder


Innate Abilities, Weirdness & Mutations

You have very sharp teeth.
Your uncanny sense of smell can sniff out nearby items.
Your experience applies equally to all skills.


Message History

You hit the kobold but do no damage. The kobold barely misses you.
Grinder blinks!
The kobold hits you with a +0 whip.
You closely miss the kobold. The kobold hits you with a +0 whip.
You closely miss the kobold. The kobold hits you with a +0 whip.
You barely miss the kobold.
You are ready to recite again.
The kobold closely misses you.
You hit the kobold.
The kobold is severely wounded.
The kobold barely misses you.
You hit the kobold.
You kill the kobold!
Grinder blinks!
Activating: Recite (3% risk of failure)
Press: ? - help, Dir - look around, f - activate You clear your throat and prepare to recite. "Only the hygienic shall be judged worthy, and..." "...all the squalid dregs will be found wanting.
Such is..." "...the word of Zin, and such is the law!"
You finish reciting Ablutions 19:60.
You sock Grinder!
Grinder is lightly wounded.
Grinder blinks!
Grinder gestures at you.
You suddenly lose the ability to move!
Grinder gestures at you. You resist with significant effort.
You are ready to recite again.
Grinder hits you!
* * * LOW HITPOINT WARNING * * *
You writhe in agony.
* * * LOW HITPOINT WARNING * * *
You can move again.
Unknown command.
Unknown command.
Unknown command.
It was a potion of attraction.
You feel attractive to monsters. Grinder hits you!
You die...

#...## #....
#.#.#######
##...(.....#
#......#########
....###..>......#
# #......>..#
#..)5.....#
#.###..)@.....#
#.............#
...###.........#
. #.........#
#.........#
###########


You could see Grinder.

Vanquished Creatures
  Natasha (D:2)
  A gnoll (D:2)
  2 adders
  An adder skeleton (D:2)
  An orc (D:3)
  2 endoplasms (D:1)
  3 goblins
  3 hobgoblins (D:1)
  4 kobolds
  2 quokkas (D:2)
  3 ball pythons
  3 bats
  4 rats
30 creatures vanquished.

Notes
Turn   | Place    | Note
-------+----------+-------------------------------------------
     0 | D:1      | mopl the Gnoll Monk began the quest for the Orb.
     0 | D:1      | Reached XP level 1. HP: 23/23 MP: 1/1
   155 | D:1      | Reached XP level 2. HP: 28/29 MP: 2/2
   223 | D:1      | Found a faded altar of an unknown god.
   229 | D:1      | Prayed at the altar of an unknown god.
   229 | D:1      | Became a worshipper of Zin the Law-Giver
   229 | D:1      | Reached * piety under Zin
   229 | D:1      | Reached ** piety under Zin
   229 | D:1      | Reached *** piety under Zin
   960 | D:2      | Noticed Natasha
   966 | D:2      | Killed Natasha
   967 | D:2      | Reached skill level 1 in Invocations
   967 | D:2      | Reached XP level 3. HP: 32/35 MP: 2/4
  1272 | D:2      | Reached skill level 1 in Short Blades
  1272 | D:2      | Reached skill level 1 in Long Blades
  1272 | D:2      | Reached skill level 1 in Axes
  1272 | D:2      | Reached skill level 1 in Polearms
  1272 | D:2      | Reached skill level 1 in Staves
  1272 | D:2      | Reached skill level 1 in Slings
  1272 | D:2      | Reached skill level 1 in Bows
  1272 | D:2      | Reached skill level 1 in Crossbows
  1272 | D:2      | Reached skill level 1 in Throwing
  1272 | D:2      | Reached skill level 1 in Armour
  1272 | D:2      | Reached skill level 1 in Shields
  1272 | D:2      | Reached skill level 1 in Unarmed Combat
  1272 | D:2      | Reached skill level 1 in Spellcasting
  1272 | D:2      | Reached skill level 1 in Evocations
  1272 | D:2      | Reached XP level 4. HP: 21/41 MP: 5/5
  1745 | D:3      | Noticed Grinder
  1774 | D:3      | Paralysed by Grinder for 7 turns
  1781 | D:3      | Slain by Grinder

Illustrated notes

Levels and vault maps discovered:
D:1:      onia_arrival_mini_spirals, layout_loops_ring,
          ebering_ecumenical_altar_rust
D:2:      layout_basic, minmay_randomly_rotated_circles, uniq_natasha
D:3:      layout_rooms, serial_shops, shop, supply_closet_lemuel,
          minmay_misc_feat_x, uniq_grinder, uniq_jessica, uniq_sigmund

Skill      XL: |  1  2  3 |
---------------+----------+-----
Invocations    | 1 |  1.2
Short Blades   | 1 |  1.1
Long Blades    | 1 |  1.1
Axes           | 1 |  1.1
Polearms       | 1 |  1.1
Staves         | 1 |  1.1
Slings         | 1 |  1.1
Bows           | 1 |  1.1
Crossbows      | 1 |  1.1
Throwing       | 1 |  1.1
Armour         | 1 |  1.1
Shields        | 1 |  1.1
Unarmed Combat | 1 |  1.1
Spellcasting   | 1 |  1.1
Evocations     | 1 |  1.1
Fighting       | |  6.6
Maces & Flails | |  6.6
Dodging        | |  6.6
Stealth        | |  4.2
Conjurations   | |  0.9
Hexes          | |  0.9
Summonings     | |  0.9
Necromancy     | |  0.9
Translocations | |  0.9
Transmutations | |  0.9
Fire Magic     | |  0.9
Ice Magic      | |  0.9
Air Magic      | |  0.9
Earth Magic    | |  0.9
Poison Magic   | |  0.9

Action                   |  1- 3 |  4- 6 || total
-------------------------+-------+-------++-------
Melee: Mace              |    54 |    43 ||    97
       Bite              |     3 |     4 ||     7
       Punch             |     1 |       ||     1
Invok: Recite            |       |     2 ||     2
       Vitalisation      |       |     1 ||     1
  Use: Potion            |       |     1 ||     1
 Stab: Sleeping          |     8 |       ||     8
Armor: Robe              |     2 |     1 ||     3
Dodge: Dodged            |    42 |    29 ||    71
